Match 47420972
Unlisted

Match 47420972
End
Selects Airborne Battlegroup
Selects Heavy Machine Gun Paradrop
Heavy Machine Gun Paradrop
Construct Barracks
Riflemen Squad
M1 Mortar Team
Construct Medical Station
Riflemen Squad
Grenade Package
Selects Paratrooper Squad Paradrop
Infantry Support Center
Paratrooper Squad Paradrop
Heavy Machine Gun Paradrop
Construct Tank Depot
Selects Anti-tank Gun Team Paradrop
Anti-tank Gun Team Paradrop
Selects Recon Loiter
Selects Supply Drop
M4(105) Sherman Bulldozer
Recon Loiter
Engineer Squad
M1918 Browning Automatic Rifles
Supply Drop
M18 Hellcat Tank Destroyer
M18 Hellcat Tank Destroyer
Selects Dual P-47 Rocket Strike
Dual P-47 Rocket Strike
Engineer Squad
M18 Hellcat Tank Destroyer
Dual P-47 Rocket Strike
victor_hartman
1Div MED
DJ-DeepN
Zubit
<Alpha>saltingfish
lengfeng988
不太彳亍
花海魔术师
0
0

Comments sign in to comment!

No comments posted yet!